 Dungeon Crawl Stone Soup version 0.21.1-1-g345015fe64 (webtiles) character file.

225 KleinerIrrer the Chopper (level 6, -2/47 HPs)
             Began as a Formicid Fighter on Mar 17, 2018.
             Slain by a gnoll
             ... wielding a +0 spear
              (5 damage)
             ... on level 3 of the Dungeon.
             The game lasted 00:02:47 (1869 turns).

KleinerIrrer the Chopper (Formicid Fighter)         Turns: 1869, Time: 00:02:47

Health: -2/47      AC:  9    Str: 28    XL:     6   Next: 21%
Magic:  6/6        EV:  8    Int:  7    God:
Gold:   146        SH: 10    Dex: 10    Spells: 5/5 levels left

rFire    . . .     SeeInvis +   a - +0 war axe
rCold    . . .     Gourm    .   c - +0 shield
rNeg     . . .     Faith    .   b - +0 scale mail
rPois    .         Spirit   .   (helmet unavailable)
rElec    .         Reflect  .   (no cloak)
rCorr    .         Harm     .   r - +0 pair of gloves
MR       .....                  q - +0 pair of boots
Stlth    ..........             (no amulet)
HPRegen  0.15/turn              (no ring)
MPRegen  0.10/turn              (no ring)

@: mighty
A: permanent stasis, dig shafts and tunnels, four strong arms, antennae 3
a: Dig, Shaft Self


You were on level 3 of the Dungeon.
You were hungry.

You visited 1 branch of the dungeon, and saw 3 of its levels.

You collected 146 gold pieces.

Inventory:

Hand Weapons
 a - a +0 war axe (weapon)
Armour
 b - a +0 scale mail (worn)
 c - a +0 shield (worn)
 q - a +0 pair of boots (worn)
 r - a +0 pair of gloves (worn)
Scrolls
 e - a scroll of magic mapping {unknown}
 g - a scroll of fear {unknown}
 i - a scroll of enchant armour {unknown}
 m - a scroll of fog {unknown}
 n - 2 scrolls of amnesia {unknown}
 p - a scroll of teleportation {unknown}
 u - a scroll of enchant weapon {unknown}
 w - a scroll of identify {unknown}
Potions
 d - a potion of might
 h - a potion of lignification {unknown}
 j - a potion of agility {unknown}
 k - 2 potions of brilliance {unknown}
 l - 2 potions of flight {unknown}
 o - 2 potions of haste {unknown}
 s - a potion of heal wounds {unknown}
Books
 v - a book of Minor Magic

   Spells                             Type                      Level
   a - Magic Dart                     Conjuration                  1
   b - Blink                          Translocation                2
   c - Call Imp                       Summoning                    2
   d - Slow                           Hexes                        2
   e - Conjure Flame                  Conjuration/Fire             3
   f - Mephitic Cloud                 Conjuration/Poison/Air       3
Comestibles
 f - a ration
 t - 4 chunks of flesh


   Skills:
 - Level 3.2 Fighting
 + Level 6.0 Axes
 - Level 3.2 Armour
 - Level 3.6 Shields


You had 5 spell levels left.
You didn't know any spells.

Dungeon Overview and Level Annotations

Branches:
Dungeon (3/15)

Altars:
Ashenzari
Gozag
Ru
Uskayaw
Vehumet


Innate Abilities, Weirdness & Mutations

You cannot be hasted, slowed, berserked, paralysed or teleported.
You can dig through walls and to a lower floor.
Your four strong arms can wield two-handed weapons with a shield.
You have a pair of large antennae on your head. (SInv)


Message History

You slice the gnoll!!
You kill the gnoll!
Your Axes skill increases to level 6!
You miss the adder. The adder bites you.
* * * LOW HITPOINT WARNING * * *
The gnoll hits you from afar with a spear.
* * * LOW HITPOINT WARNING * * *
The adder bites you but does no damage.
You miss the adder. The gnoll hits you but does no damage.
You block the adder's attack. The gnoll hits you but does no damage.
You closely miss the adder. The adder bites you but does no damage.
The gnoll hits you from afar with a spear.
* * * LOW HITPOINT WARNING * * *
The adder bites you but does no damage.
You slash the adder!
You kill the adder!
The gnoll hits you from afar with a spear.
* * * LOW HITPOINT WARNING * * *
The gnoll hits you with a spear.
You die...

### ## # ## #.. ...
#(##. ... ..# ...#
#.# #.# .%. #.# #.#
#####.##.# #.#
.>.....#)###.#####.#
#....).@.......#
##.#[###g######
#.#.# #)# #.#.. g.#
#.#####.#.
#......... #
##.###..# # #.# ..#
# #.# #...


You could see a gnoll.

Vanquished Creatures
  An orc priest (D:3)
  An orc wizard (D:3)
  5 adders
  2 gnolls (D:3)
  An ooze (D:1)
  A worm (D:3)
  3 dart slugs
  2 leopard geckos
  12 orcs (D:3)
  A ball python (D:1)
  3 giant cockroaches
  5 goblins
  6 hobgoblins
  6 jackals
  3 quokkas (D:3)
  9 bats
  2 frilled lizards
  10 kobolds
  8 rats
81 creatures vanquished.

Notes
Turn   | Place    | Note
-------+----------+-------------------------------------------
     0 | D:1      | KleinerIrrer the Formicid Fighter began the quest for the Orb.
     0 | D:1      | Reached XP level 1. HP: 18/18 MP: 1/1
   164 | D:1      | Reached XP level 2. HP: 24/24 MP: 2/2
   191 | D:1      | Reached skill level 3 in Axes
   253 | D:1      | Found a shattered altar of Ashenzari.
   275 | D:1      | Reached XP level 3. HP: 27/29 MP: 3/3
   576 | D:2      | Reached skill level 4 in Axes
   576 | D:2      | Reached XP level 4. HP: 33/35 MP: 4/4
   611 | D:2      | Found an opulent altar of Gozag.
   681 | D:2      | Found a hide-covered altar of Uskayaw.
   682 | D:2      | Noticed a dagger
   682 | D:2      | Noticed a hand axe
   796 | D:2      | Found a sacrificial altar of Ru.
   863 | D:2      | Found a radiant altar of Vehumet.
  1525 | D:3      | Reached XP level 5. HP: 41/41 MP: 5/5
  1528 | D:3      | Reached skill level 5 in Axes
  1838 | D:3      | Reached XP level 6. HP: 44/47 MP: 6/6
  1864 | D:3      | Reached skill level 6 in Axes
  1869 | D:3      | Slain by a gnoll

Skill      XL: |  1  2  3  4  5  6 |
---------------+-------------------+-----
Axes           | 3 4 5 6 |  6.0
Fighting       | |  3.2
Armour         | |  3.2
Shields        | |  3.6

Action                   |  1- 3 |  4- 6 || total
-------------------------+-------+-------++-------
Melee: War axe           |    91 |   134 ||   225
  Use: Potion            |       |     1 ||     1
  Eat: Chunk             |       |     3 ||     3
Armor: Scale mail        |    56 |    59 ||   115
Dodge: Dodged            |    29 |    43 ||    72
Block: Shield            |    69 |    69 ||   138
